Map: Bridgehead LE (Void)

Players

SticklerMac

  • Race: Terran Terran
  • League: Bronze

Ftc - Winner!

  • Race: Terran Terran

VOD

Have the link to the VOD?

Description

Time

  • Played on: July 29, 2015, 3:15 p.m.
  • Length: 9:26
Show
View Real Time Build Order
Export as new Build Order

SticklerMac Terran 

Build Orders: MMM Bio 

Get SALT Encoding   

  12  0:01  SCV  
  13  0:13  SCV  
  14  0:18  Supply Depot  
  14  0:25  SCV  
  15  0:40  SCV  
  15  0:41  Barracks  
  16  0:52  SCV  
  16  0:55  Refinery  
  16  0:56  Refinery  
  17  1:04  SCV  
  17  1:10  Barracks  
  18  1:17  SCV  
  19  1:29  SCV, Marine  
  21  1:37  Supply Depot  
  21  1:43  Engineering Bay  
  21  1:52  Engineering Bay  
  21  1:57  Barracks Tech Lab  
  21  2:00  Marine  
  22  2:07  SCV  
  23  2:15  Terran Infantry Weapons Level 1  
  24  2:23  Barracks Reactor  
  23  2:48  Terran Infantry Armor Level 1  
  23  2:51  Marine  
  23  2:57  Barracks  
  24  3:00  Barracks  
  24  3:01  Marine x2  
  26  3:08  Stimpack  
  26  3:09  Marine  
  27  3:19  Marine x2  
  29  3:26  SCV  
  30  3:28  Marine  
  31  3:47  Factory  
  31  3:49  Barracks Reactor  
  31  3:51  Supply Depot  
  31  4:01  Marine, Orbital Command  
  31  4:12  Marine  
  32  4:23  Marine  
  32  4:24  Marine  
  34  4:25  Marine  
  34  4:26  Marine  
  34  4:30  Marine  
  37  4:41  Marine  
  39  4:46  Marine x2  
  39  4:48  Marine  
  33  4:59  Marine  
  35  5:00  Marauder  
  35  5:04  Marine x2  
  35  5:05  Marine  
  38  5:17  Marine  
  37  5:22  Marine x2  
  37  5:23  Starport  
  39  5:42  Marine  
  39  5:58  Supply Depot  
  39  6:03  Supply Depot x2  
  39  6:10  Supply Depot  
  39  6:16  Starport Reactor  
  39  6:19  Marine x2  
  39  6:20  Marauder  
  39  6:24  Armory  
  45  6:37  Marine x2  
  45  6:38  Marine x2  
  47  6:41  Marauder  
  49  6:55  Marine x2  
  49  6:56  Marine x2  
  49  7:00  Medivac x2  
  57  7:03  Combat Shields  
  57  7:13  Marine x2  
  57  7:14  Marine x2  
  61  7:21  Marauder  
  63  7:30  Marine x2  
  63  7:32  Marine x2  
  67  7:39  Medivac x2  
  71  8:30  Supply Depot  
  71  8:31  Supply Depot  
  71  8:52  Marauder, Medivac, Marine x4  
  71  8:53  Medivac  
Show
View Real Time Build Order
Export as new Build Order

Ftc Terran - Winner!

Build Orders: Mech 

Get SALT Encoding   

  12  0:00  SCV  
  13  0:13  SCV  
  14  0:21  Supply Depot  
  14  0:25  SCV  
  15  0:43  SCV  
  15  0:44  Barracks  
  16  0:55  SCV  
  17  1:07  SCV  
  18  1:19  SCV  
  19  1:28  Command Center  
  19  1:31  Marine  
  20  1:35  Orbital Command  
  20  1:47  Refinery  
  20  1:49  Marine  
  20  1:50  Refinery  
  21  2:02  SCV  
  21  2:07  Marine  
  23  2:31  Supply Depot  
  23  2:36  Factory  
  23  2:40  SCV, Marine  
  24  2:45  Orbital Command  
  24  2:53  Factory  
  24  3:04  Barracks Reactor  
  24  3:05  SCV  
  25  3:16  SCV  
  25  3:18  SCV  
  27  3:27  Factory  
  27  3:28  SCV  
  27  3:31  SCV  
  29  3:34  Supply Depot  
  29  3:40  SCV  
  30  3:43  Factory Tech Lab, SCV  
  35  3:48  Hellion x2  
  35  3:52  SCV  
  36  3:56  SCV, Armory  
  36  3:58  Refinery  
  37  4:04  SCV, Supply Depot  
  37  4:05  Siege Tank  
  37  4:08  SCV  
  42  4:13  Hellion  
  42  4:15  Hellion  
  42  4:16  SCV  
  47  4:19  Factory Reactor  
  47  4:20  SCV  
  48  4:28  SCV  
  49  4:32  SCV  
  49  4:38  Hellion x2  
  54  4:39  Siege Tank  
  57  4:59  Hellion x2  
  61  5:01  SCV  
  61  5:04  Supply Depot  
  61  5:05  Supply Depot, Terran Vehicle Weapons Level 1  
  62  5:07  Supply Depot  
  62  5:10  Supply Depot  
  62  5:11  Refinery  
  62  5:15  SCV x2, Hellion  
  62  5:27  SCV x2  
  64  5:30  Thor  
  64  5:31  Hellion x2  
  64  5:32  Hellion  
  76  5:39  SCV x2  
  78  5:47  Engineering Bay  
  78  5:50  Infernal Pre-Igniter  
  78  5:51  SCV x2  
  80  6:01  Hellion x2  
  84  6:07  Supply Depot  
  84  6:11  Supply Depot  
  84  6:13  Hellion x2  
  88  6:27  Hellbat x2  
  92  6:33  Thor  
  92  6:34  SCV x2  
  100  6:41  Command Center  
  100  6:46  SCV x2  
  102  6:51  Supply Depot  
  102  6:54  Supply Depot  
  102  6:57  Hellion  
  102  6:59  Hellion  
  102  7:01  Hellion  
  108  7:02  Hellion  
  110  7:15  Thor  
  110  7:18  Hellion  
  110  7:21  Hellion  
  110  7:22  SCV x2, Hellion  
  124  7:37  SCV x2  
  124  7:42  Supply Depot  
  126  7:45  Supply Depot  
  126  7:47  Supply Depot  
  126  7:50  Supply Depot  
  126  7:52  Supply Depot  
  126  7:53  SCV x2  
  126  7:55  Supply Depot  
  128  7:58  Thor  
  128  7:59  Hellion x3  
  128  8:05  SCV  
  141  8:16  Planetary Fortress  
  141  8:20  SCV  
  142  8:40  SCV  
  142  8:41  SCV  
  144  8:51  Hellion, Refinery  
  144  8:52  Hellion x3, Refinery  
  144  8:53  SCV x2  
  160  8:57  Missile Turret  
  160  8:58  Factory  
  160  9:00  Missile Turret  
  160  9:02  Factory  
  160  9:06  SCV  
  160  9:07  SCV  
Tags
 
Composition
MMM BioMech
League
Bronze
Matchup
TvT
Race
Terran
Add a new tag
Caveats
  • Supply blocks, unpowered buildings, or Contaminate may cause inaccurate times.
  • Supply counts are checked every 10 seconds.